 Dungeon Crawl Stone Soup version 0.23.2-1-ga50397a (webtiles) character file.

Game seed: 11039396834886693944

242 goulibeur the Skirmisher (level 5, -8/47 HPs)
             Began as a Draconian Berserker on May 23, 2019.
             Was a Believer of Trog.
             Killed by divine providence
             ... invoked by an orc priest
              (14 damage)
             ... on level 3 of the Dungeon.
             The game lasted 00:06:13 (1910 turns).

goulibeur the Skirmisher (Draconian Berserker)      Turns: 1910, Time: 00:06:13

Health: -8/47      AC:  5    Str: 20    XL:     5   Next: 82%
Magic:  5/5        EV: 13    Int:  7    God:    Trog [**....]
Gold:   105        SH:  0    Dex: 11    Spells: 4/4 levels left

rFire    . . .     SeeInvis .   a - +0 mace
rCold    . . .     Gourm    .   (no shield)
rNeg     . . .     Faith    .   (armour unavailable)
rPois    .         Spirit   .   (helmet restricted)
rElec    .         Reflect  .   (no cloak)
rCorr    .         Harm     .   (no gloves)
MR       .....                  (no boots)
Stlth    +.........             (no amulet)
HPRegen  0.15/turn              (no ring)
MPRegen  0.09/turn              (no ring)

@: berserk cooldown, slowed, very slow
A: unfitting armour, cold-blooded, AC +5
a: Berserk, Trog's Hand, Renounce Religion


You were on level 3 of the Dungeon.
You worshipped Trog.
Trog was pleased with you.
You were very hungry.

You visited 1 branch of the dungeon, and saw 3 of its levels.

You collected 105 gold pieces.

Inventory:

Hand Weapons
 a - a +0 mace (weapon)
Jewellery
 f - an uncursed amulet of guardian spirit {unknown}
Scrolls
 e - 3 scrolls of teleportation {unknown}
 j - a scroll of random uselessness {unknown}
 m - a scroll of remove curse {unknown}
 n - a scroll of magic mapping {unknown}
Potions
 d - a potion of cancellation {unknown}
 g - a potion of magic {unknown}
 h - a potion of flight {unknown}
 i - a potion of resistance {unknown}
 k - a potion of might {unknown}
 l - a potion of lignification {unknown}
Comestibles
 b - 6 rations
 c - a chunk of flesh


   Skills:
 + Level 4.5 Fighting
 + Level 4.1 Maces & Flails
 + Level 2.3 Throwing
 + Level 3.8 Dodging


You had 4 spell levels left.
You didn't know any spells.
Your spell library was empty.

Dungeon Overview and Level Annotations

Branches:
Dungeon (3/15)

Altars:
Ashenzari

Annotations:
D:3 Sigmund


Innate Abilities, Weirdness & Mutations

Your plain brown scales are hard. (AC +5)
You cannot fit into any form of body armour.
You are cold-blooded and may be slowed by cold attacks.


Message History

The orc priest barely misses you.
The orc priest begins to cast a cantrip, but forgets the words!
You hit the orc priest but do no damage.
The orc priest hits you.
You hit the orc priest.
The orc priest is lightly wounded.
The orc priest barely misses you. The orc priest closely misses you.
You barely miss the orc priest.
The orc priest is lightly wounded.
The orc priest barely misses you.
The orc priest mumbles some strange prayers to Beogh against you.
Beogh smites you!
* * * LOW HITPOINT WARNING * * *
The orc wizard casts a spell.
The orc wizard seems to speed up.
You sock the orc priest!
The orc priest is severely wounded.
The orc priest mumbles some strange prayers to Beogh against you.
Beogh smites you!
You die...

#......# ##### #...... ##.#..
#...... ##..#.. #?..o..
##...#.. #.>...# ####.
##....#.. #...$.##.....
##.....#.. . #.......(#
#....รท)#..
..[###.#..######## #.#..##...
.........ooo@....###.#.######
........########.......## ###
........# #.........###..
$.......# #..............
......... #.........###..
.......## #.........# #..
....... #.........# #..
#.###.. #.........# #.. ..
..# #.........# #..


You could see an orc priest, an orc wizard and an orc.

Vanquished Creatures
  3 wights (D:2)
  An orc priest (D:3)
  3 adders (D:3)
  An adder skeleton (D:3)
  A worm (D:2)
  2 orcs (D:3)
  A ball python (D:1)
  7 giant cockroaches
  6 goblins
  5 hobgoblins
  2 jackals (D:2)
  10 kobolds
  A quokka (D:2)
  2 bats (D:2)
  3 frilled lizards
  6 rats
54 creatures vanquished.

Notes
Turn   | Place    | Note
-------+----------+-------------------------------------------
     0 | D:1      | goulibeur the Draconian Berserker began the quest for the
                  | Orb.
     0 | D:1      | Reached XP level 1. HP: 19/19 MP: 1/1
   111 | D:1      | Reached XP level 2. HP: 23/26 MP: 2/2
   806 | D:1      | Reached skill level 1 in Throwing
   814 | D:1      | Reached ** piety under Trog
   976 | D:2      | Reached XP level 3. HP: 33/33 MP: 3/3
  1284 | D:2      | Reached XP level 4. HP: 40/40 MP: 4/4
  1290 | D:2      | Reached XP level 5. HP: 47/47 MP: 5/5
  1552 | D:3      | Noticed Sigmund
  1726 | D:3      | Found a shattered altar of Ashenzari.
  1910 | D:3      | Killed from afar by an orc priest

Skill      XL: |  1  2  3  4  5 |
---------------+----------------+-----
Dodging        | 3 |  3.8
Throwing       | 1 2 |  2.3
Fighting       | 4 |  4.5
Maces & Flails | 4 |  4.1

Action                   |  1- 3 |  4- 6 || total
-------------------------+-------+-------++-------
Melee: Mace              |    95 |    70 ||   165
       Tailslap          |    15 |    10 ||    25
Invok: Berserk           |     1 |     1 ||     2
  Eat: Chunk             |     1 |     3 ||     4
Armor: Skin              |    41 |    20 ||    61
Dodge: Dodged            |    87 |    49 ||   136
